 Dungeon Crawl Stone Soup version 0.31.0-10-gcf4a605ca0 (webtiles) character file.

Game seed: 14444533276124766525

402 gelatine the Chopper (level 6, -6/48 HPs)
             Began as a Demonspawn Fighter on Jan 26, 2024.
             Mangled by an orc priest
             ... wielding a +0 trident
              (8 damage)
             ... on level 4 of the Dungeon.
             The game lasted 00:06:44 (3289 turns).

gelatine the Chopper (Demonspawn Fighter)           Turns: 3289, Time: 00:06:44

Health: -6/48      AC: 10    Str: 18    XL:     6   Next: 55%
Magic:  6/6        EV: 11    Int:  8    God:
Gold:   188        SH:  7    Dex: 21    Spells: 2/6 levels left

rFire   + . .        a - +0 war axe
rCold   + + .        c - +1 buckler
rNeg    . . .        y - +1 ring mail {rC+}
rPois   .            t - +0 hat
rElec   .            u - scarf {rC+ rF+}
rCorr   .            (no gloves)
SInv    .            (no boots)
Will    .....        (no amulet)
Stlth   ++           r - +4 ring of protection
HPRegen 0.28/turn    o - +6 ring of dexterity
MPRegen 0.10/turn

%: no passive effects
@: no status effects
A: thin skeletal structure 1, powered by pain 1
a: no special abilities


You were on level 4 of the Dungeon.
You visited 1 branch of the dungeon, and saw 4 of its levels.
You visited the Abyss 1 time.

You collected 188 gold pieces.

Inventory:

Hand Weapons
 a - a +0 war axe (weapon)
Missiles
 g - 5 silver javelins (quivered)
 s - a throwing net
Armour
 b - a +0 scale mail
 c - a +1 buckler (worn)
 t - a +0 hat (worn)
 u - a scarf of resistance (worn)
 y - a +1 ring mail of cold resistance (worn)
 A - a +0 cloak
Jewellery
 e - a ring of positive energy
 o - a +6 ring of dexterity (right hand)
 r - a +4 ring of protection (left hand)
Wands
 w - a wand of mindburst (12)
Scrolls
 h - a scroll of fear {unknown}
 i - a scroll of immolation {unknown}
 j - a scroll of teleportation {unknown}
 l - a scroll of enchant armour
 p - 2 scrolls of revelation {unknown}
 q - a scroll of amnesia {unknown}
 x - 2 scrolls of summoning
 z - a scroll of identify {unknown}
Potions
 d - a potion of might
 f - a potion of lignification {unknown}
 k - 2 potions of degeneration {unknown}
 m - a potion of magic {unknown}
 n - a potion of attraction {unknown}
 v - a potion of heal wounds {unknown}


   Skills:
 + Level 3.7 Fighting
 * Level 4.4 Axes
 + Level 3.4 Armour
 * Level 2.0 Dodging
 + Level 1.0 Stealth
 + Level 3.1 Shields
 * Level 0.6 Spellcasting
 * Level 0.6 Alchemy
 * Level 0.6 Evocations


You had 2 spell levels left.
You knew the following spells:

 Your Spells              Type           Power      Damage    Failure   Level
a - Olgreb's Toxic Radia  Alch           1%         N/A       100%        4

Your spell library contained the following spells:

 Spells                   Type           Power      Damage    Failure   Level
 Sting                    Conj/Alch      0%         1d3       63%         1
 Magic Dart               Conj           0%         1d3       67%         1
 Mercury Vapours          Alch/Air       0%         N/A       77%         2
 Blink                    Tloc           0%         N/A       80%         2
 Call Imp                 Summ           0%         N/A       80%         2


Dungeon Overview and Level Annotations

Branches:
Dungeon (4/15)
 Temple: D:4-7

Altars:


Innate Abilities, Weirdness & Mutations

You have a somewhat thin skeletal structure. (Dex +2, Stealth+)
You sometimes gain a little power by taking damage.


Message History

As you read the scroll labelled TAWEIG NIUPS, it crumbles to dust.
It is a scroll of enchant armour.
Your +0 buckler glows green for a moment.
The substance of the Abyss twists violently, and a gateway leading out appears!
Your raiju barely misses the chaos spawn.
Okay, then.
The chaos spawn tail-slaps your raiju but does no damage.
Your raiju bites the chaos spawn.
Your raiju shocks the chaos spawn!
You pass through the gate.
Welcome back to the Dungeon!
Your summoned allies are left behind.
Aiming: Mindburst
Press: ? - help, Q - select action, (/) - cycle Shift-Dir - straight line, f - orc priest
Aim: an orc priest, wielding a +0 trident and wearing a +0 leather armour (chance to affect: 67%)
The orc priest struggles to resist.
The orc priest hits you from afar with a +0 trident.
* * * LOW HITPOINT WARNING * * *
Aiming: Mindburst
Press: ? - help, Q - select action, (/) - cycle Shift-Dir - straight line, f - orc, p - orc priest
Aim: an orc, wielding a +2 trident of distortion and wearing a +0 leather armour of poison resistance (chance to affect: 81%)
The orc's mind is blasted!
You blow up the orc!
The orc priest hits you from afar with a +0 trident.
* * * LOW HITPOINT WARNING * * *
The orc closely misses you. You block the orc priest's attack.
There is an open door here.
Things that are here:
a +2 trident of distortion; a +0 leather armour of poison resistance You slash the orc priest!
The orc priest is heavily wounded.
You barely miss the orc. The orc hits you but does no damage.
The orc priest hits you with a +0 trident!
* * * LOW HITPOINT WARNING * * *
The orc priest closely misses you. The orc completely misses you.
Unknown command.
You hit the orc priest.
The orc priest is almost dead.
You slash the orc!
You kill the orc!
The orc priest hits you with a +0 trident!
You die...

........# ... #.....#
........#..... #.....#
........#.....#####.....#####
##......#....................
##......#....................
.#......#....................
.#......#....................
##......#.......[............
##......#.....##@##..........
##......#.....#.o)+...........
........#.....#...#...........
........#.....#...#.........#
........#.....#...#.........#
........#.....#...#.........#
........#.....#...#.........#
##...####.....#####.........##+##
##...#...........................


You could see an orc priest.

Vanquished Creatures
  A jelly (D:4)
  An iguana (D:4)
  An orc wizard (D:4)
  6 gnolls (D:3)
  3 adders
  A ribbon worm (D:2)
  A dart slug (D:2)
  10 orcs
  3 ball pythons
  8 bats
  7 endoplasms
  4 giant cockroaches
  4 goblins
  7 hobgoblins
  3 jackals (D:2)
  5 kobolds
  2 quokkas
  2 frilled lizards
  4 rats
73 creatures vanquished.

Vanquished Creatures (collateral kills)
  A small abomination (Abyss:1)
1 creature vanquished.

Grand Total: 74 creatures vanquished

Notes
Turn   | Place    | Note
-------+----------+-------------------------------------------
     0 | D:1      | gelatine the Demonspawn Fighter began the quest for the
                  | Orb.
     0 | D:1      | Reached XP level 1. HP: 18/18 MP: 1/1
   250 | D:1      | Gained mutation: You sometimes gain a little power by
                  | taking damage. [demonic ancestry]
   250 | D:1      | Reached XP level 2. HP: 24/24 MP: 2/2
   403 | D:1      | Reached skill level 2 in Axes
   816 | D:2      | Reached XP level 3. HP: 25/29 MP: 3/3
  1367 | D:2      | Reached skill level 3 in Axes
  1505 | D:2      | Gained mutation: You have a somewhat thin skeletal
                  | structure. (Dex +2, Stealth+) [demonic ancestry]
  1505 | D:2      | Reached XP level 4. HP: 35/35 MP: 4/4
  1903 | D:3      | Reached skill level 1 in Dodging
  1932 | D:3      | Reached XP level 5. HP: 5/41 MP: 5/5
  3171 | D:4      | Reached skill level 4 in Axes
  3202 | D:4      | Learned a level 4 spell: Olgreb's Toxic Radiance
  3210 | Abyss:1  | Cast into level 1 of the Abyss (orc)
  3225 | Abyss:1  | Noticed a chaos spawn
  3276 | Abyss:1  | Noticed a small abomination
  3281 | Abyss:1  | Killed a small abomination
  3282 | Abyss:1  | Reached skill level 1 in Stealth
  3282 | Abyss:1  | Reached XP level 6. HP: 13/48 MP: 6/6
  3284 | D:4      | Escaped the Abyss
  3288 | D:4      | HP: 2/48 [orc priest/+0 trident (7)]
  3289 | D:4      | Mangled by an orc priest

Illustrated notes

Levels and vault maps discovered:
D:1:      saegor_arrival_simple_b, layout_loops_ring,
          chequers_serial_rivers_small_a
D:2:      layout_basic
D:3:      layout_loops_cross
D:4:      layout_gridville, uniq_ijyb

Skill      XL: |  1  2  3  4  5 |
---------------+----------------+-----
Axes           | 2 3 4 |  4.4
Armour         | 3 |  3.4
Dodging        | 1 2 |  2.0
Shields        | 3 |  3.1
Stealth        | 1 |  1.0
Fighting       | |  3.7
Spellcasting   | |  0.6
Alchemy        | |  0.6
Evocations     | |  0.6

Action                     |  1- 3 |  4- 6 || total
---------------------------+-------+-------++-------
  Melee: War axe           |    90 |    94 ||   184
  Evoke: Wand              |       |     2 ||     2
    Use: Scroll            |       |     2 ||     2
   Stab: Sleeping          |       |     3 ||     3
 Armour: Scale mail        |    87 |    59 ||   146
         Ring mail         |       |    14 ||    14
  Dodge: Dodged            |    37 |    47 ||    84
  Block: Buckler           |    21 |    38 ||    59
